 Dungeon Crawl Stone Soup version 0.27-a0-1147-gb3d8e82157 (console) character file.

Game seed: 3323280951000464011

7 ptdevnull the Ruffian (level 2, -7/26 HPs)
             Began as a Ghoul Monk on May 11, 2021.
             Mangled by Natasha (8 damage)
             ... on level 2 of the Dungeon.
             The game lasted 00:01:29 (761 turns).

ptdevnull the Ruffian (Ghoul Monk)                   Turns: 761, Time: 00:01:30

Health: -7/26      AC:  2    Str: 14    XL:     2   Next: 4%
Magic:  1/1        EV: 12    Int:  5    God:
Gold:   32         SH:  0    Dex: 11    Spells: 1/1 levels left

rFire    . . .     SeeInvis .     - Unarmed
rCold    + . .     Faith    .   (no shield)
rNeg     + + +     Spirit   .   a - +0 robe
rPois    ∞         Reflect  .   (no helmet)
rElec    .         Harm     .   (no cloak)
rCorr    .         Rampage  .   (no gloves)
Will     .....                  (no boots)
Stlth    ++........             (no amulet)
HPRegen  0.00/turn              (no ring)
MPRegen  0.07/turn              (no ring)

@: no status effects
A: claws 1, cold resistance 1, negative energy resistance 3, inhibited
regeneration, torment resistance 2
a: no special abilities


You were on level 2 of the Dungeon.
You visited 1 branch of the dungeon, and saw 2 of its levels.

You collected 32 gold pieces.

Inventory:

Armour
 a - a +0 robe (worn)
Scrolls
 b - 2 scrolls of immolation {unknown}
Potions
 c - a potion of lignification {unknown}
 d - a potion of brilliance {unknown}


   Skills:
 + Level 3.5 Fighting
 - Level 2.6 Dodging
 - Level 2.1 Stealth
 * Level 3.7 Unarmed Combat


You had one spell level left.
You didn't know any spells.
Your spell library was empty.

Dungeon Overview and Level Annotations

Branches:
Dungeon (2/15)

Altars:

Annotations:
D:2 Natasha


Innate Abilities, Weirdness & Mutations

You thrive by killing the living.
You are immune to poison.
You have sharp fingernails.
Your flesh is cold resistant. (rC+)
You are immune to negative energy. (rN+++)
You do not regenerate when monsters are visible.
You are immune to unholy pain and torment.


Message History

You see here a rat corpse.
As you open the door, it creaks loudly!
There is an open door here.
Natasha, Servant of Life and Death comes into view.
Natasha hisses angrily.
You barely miss Natasha. Natasha closely misses you.
You barely miss Natasha. Natasha barely misses you.
You scratch Natasha.
Natasha is moderately wounded.
Natasha claws you.
You scratch Natasha.
Natasha is moderately wounded.
Natasha claws you!
You scratch Natasha. Your claw misses Natasha.
Natasha is heavily wounded.
Natasha howls an incantation.
Natasha shimmers violently.
Natasha stares at you and mumbles some strange words.
The magic dart hits you!
You are too injured to fight recklessly!
You are too injured to fight recklessly!
You scratch Natasha but do no damage.
Natasha is heavily wounded.
Natasha stares at you and mumbles some strange words.
The magic dart hits you!
* * * LOW HITPOINT WARNING * * *
You barely miss Natasha.
Natasha is heavily wounded.
Natasha barely misses you.
You closely miss Natasha.
Natasha is heavily wounded.
Natasha completely misses you.
You scratch Natasha but do no damage.
Natasha is heavily wounded.
Natasha extends her claws.
Natasha barely misses you.
You barely miss Natasha.
Natasha is heavily wounded.
Natasha claws you!
You die...

#.##...#
####.##...####.#
#.....'........#
#.#####...######
#.# #...# #.#
#...# #.# #...###
#.#####.....######
#.................
#..#############.#
#@.# #.# #h.# #.#
#..# #.# #..# #.#
#... ... #..## ###
#... #...


You could see Natasha.

Vanquished Creatures
  A hobgoblin (D:1)
  A ball python (D:1)
  3 bats (D:1)
  A goblin (D:1)
  2 kobolds (D:1)
  A rat (D:2)
9 creatures vanquished.

Notes
Turn   | Place    | Note
-------+----------+-------------------------------------------
     0 | D:1      | ptdevnull the Ghoul Monk began the quest for the Orb.
     0 | D:1      | Reached XP level 1. HP: 19/19 MP: 0/0
   537 | D:1      | Found a faded altar of an unknown god.
   547 | D:1      | Reached XP level 2. HP: 26/26 MP: 1/1
   746 | D:2      | Noticed Natasha
   757 | D:2      | HP: 1/26 [Natasha/magic dart (7)]
   761 | D:2      | Mangled by Natasha

Illustrated notes

Levels and vault maps discovered:
D:1:      sevenhm_arrival_forest_fort_small_3, layout_basic,
          basic_ecumenical_altar
D:2:      layout_basic, roderic_lattice_a, uniq_natasha

Action                   || total
-------------------------++-------
Melee: Unarmed           ||    37
 Stab: Sleeping          ||     2
Armor: Robe              ||     7
Dodge: Dodged            ||    13

Table legend: (Time is in decaauts)
 A = Elapsed time spent in this place.
 B = Non-inter-level travel time spent in this place.
 C = Inter-level travel time spent in this place.
 D = Time resting spent in this place.
 E = Time spent auto-exploring this place.
 F = Levels seen in this place.
 G = Mean time per level.
                   A        B        C        D        E       F      G
               +--------+--------+--------+--------+--------+-----+--------+
         Total |    758 |    754 |      4 |    100 |    563 |   2 |  379.0 |
       Dungeon |    758 |    754 |      4 |    100 |    563 |   2 |  379.0 |
               +--------+--------+--------+--------+--------+-----+--------+

Top non-repeatable levels by time:
     D:1: 692 daAuts
     D:2: 66 daAuts
